AoeStats
← Griff

Arabia

509500063Analyzed
1v1 RM · 4d ago on Sep 27, 2026· 38m 32s· 2 players
Game mode
Random Map
Map size
Tiny (2 player)
Population
200
Speed
Normal
Resources
Standard
Victory
Conquest
Starting age
Dark Age
Ending age
Imperial Age
RankedLock teamsTeams togetherTeam positionsShared explorationLock speedFull tech treeHidden civsTurbo modeCheats
Victory
Defeat
🇧🇷 Burmese · Brazil
1363
+15
🇨🇦 Malians · Canada
1339
-15
Al Qaex (FR/QC)
7:12 Loom
9:08 Feudal Age
14:56 Man-at-Arms
20:32 Scale Mail Armor
20:27 Fletching
22:14 Forging
24:03 Arson
28:54 Castle Age
27:00 Double-Bit Axe
29:25 Long Swordsman
31:29 Chain Mail Armor
32:53 Pikeman
Griff
6:55 Loom
9:09 Feudal Age
9:49 Man-at-Arms
13:25 Fletching
24:34 Castle Age
30:46 Gold Mining
31:22 Husbandry
36:12 Scale Barding Armor
Connection lost

Rejoining the realm…

Still unreachable

The connection could not be restored.

Session expired

The server has moved on; the page needs a fresh start.